AoeStats
← jeff224171

Arabia

509869398Analyzed
2v2 RM · 3d ago on Sep 28, 2026· 38m 4s· 4 players
Game mode
Random Map
Map size
Medium (4 player)
Population
200
Speed
Normal
Resources
Standard
Victory
Conquest
Starting age
Dark Age
Ending age
Imperial Age
RankedLock teamsTeams togetherTeam positionsShared explorationLock speedFull tech treeHidden civsTurbo modeCheats
Victory
Defeat
🇧🇪 Franks · Belgium
1338
+17
🇧🇪 Bulgarians · Belgium
1312
+18
🇹🇼 Berbers · Taiwan
1360
-18
🇹🇼 Georgians · Taiwan
1359
-17
kakfretter69
5:58 Loom
9:08 Feudal Age
10:02 Double-Bit Axe
17:58 Gold Mining
18:47 Wheelbarrow
20:43 Castle Age
19:09 Scale Barding Armor
20:08 Forging
21:03 Wheelbarrow
22:30 Bow Saw
24:15 Chain Barding Armor
25:59 Iron Casting
28:16 Gold Shaft Mining
31:17 Husbandry
31:48 Pikeman
32:31 Squires
32:33 Scale Mail Armor
33:02 Hand Cart
33:17 Chain Mail Armor
35:34 Town Watch
36:01 Stone Mining
36:04 Fletching
Itnugb
9:54 Feudal Age
8:10 Loom
9:57 Feudal Age
11:05 Double-Bit Axe
12:47 Horse Collar
13:51 Scale Barding Armor
13:56 Forging
15:33 Bloodlines
18:17 Fletching
18:45 Padded Archer Armor
22:50 Castle Age
23:03 Elite Skirmisher
23:59 Squires
24:00 Gambesons
24:02 Arson
24:22 Gold Mining
24:44 Bow Saw
24:38 Bodkin Arrow
24:59 Leather Archer Armor
24:45 Scale Mail Armor
26:24 Chain Mail Armor
29:41 Wheelbarrow
29:24 Thumb Ring
30:46 Iron Casting
33:55 Town Watch
34:26 Hand Cart
34:22 Pikeman
35:51 Heavy Plow
jeff224171
6:32 Loom
8:55 Feudal Age
9:43 Double-Bit Axe
10:41 Horse Collar
21:17 Forging
21:44 Scale Barding Armor
21:34 Gold Mining
24:30 Castle Age
23:45 Bloodlines
24:23 Stone Mining
25:50 Iron Casting
25:53 Wheelbarrow
25:21 Heavy Plow
26:13 Gold Shaft Mining
25:48 Husbandry
26:46 Chain Barding Armor
28:08 Fletching
34:40 Bodkin Arrow
j79609
5:56 Loom
8:55 Feudal Age
9:34 Double-Bit Axe
14:17 Fletching
23:57 Castle Age
22:23 Gold Mining
22:43 Padded Archer Armor
22:56 Horse Collar
24:37 Bodkin Arrow
24:06 Crossbowman
25:38 Leather Archer Armor
26:21 Town Watch
27:14 Wheelbarrow
27:36 Ballistics
33:59 Husbandry
34:13 Bow Saw
35:18 Hand Cart
35:30 Bloodlines
35:31 Stone Mining
Connection lost

Rejoining the realm…

Still unreachable

The connection could not be restored.

Session expired

The server has moved on; the page needs a fresh start.